Map: Tourmaline LE

Players

Fairespiter - Winner!

  • Race: Protoss Protoss
  • League: Master
  • Spawn Location: 1:00

IA (Muy fácil) 1

  • Race: Protoss Protoss
  • Spawn Location: 7:00

VOD

Have the link to the VOD?

Description

Time

  • Played on: Nov. 26, 2025, 3:17 p.m.
  • Length: 11:46
Show
View Real Time Build Order
Export as new Build Order

Fairespiter Protoss - Winner!

Build Orders: Oracle Opening, Blink Stalkers 

Get SALT Encoding   

  6  0:00  Probe  
  13  0:13  Probe  
  14  0:19  Pylon  
  14  0:25  Probe  
  15  0:33  Probe  
  15  0:40  Gateway  
  15  0:41  Probe  
  16  0:47  Assimilator  
  17  0:51  Probe  
  17  0:55  Assimilator  
  18  0:59  Probe  
  19  1:05  Pylon  
  19  1:08  Probe  
  19  1:18  Probe  
  21  1:27  Cybernetics Core  
  21  1:30  Probe  
  22  1:35  Zealot  
  24  1:42  Probe  
  25  1:54  Probe  
  26  2:02  Stargate  
  26  2:04  Adept  
  26  2:07  Warp Gate  
  28  2:13  Pylon  
  28  2:31  Nexus  
  28  2:36  Stalker  
  28  2:38  Oracle  
  33  2:53  Probe  
  34  3:00  Shield Battery  
  34  3:05  Probe  
  34  3:06  Oracle  
  35  3:17  Probe  
  39  3:26  Gateway  
  39  3:34  Twilight Council  
  39  3:42  Probe  
  39  3:43  Probe  
  41  3:50  Probe, Blink  
  41  3:51  Gateway  
  41  3:55  Probe  
  43  3:58  Pylon  
  43  4:00  Probe  
  44  4:07  Probe  
  45  4:12  Probe  
  46  4:19  Probe  
  47  4:24  Probe  
  47  4:29  Stalker x2  
  52  4:31  Probe  
  52  4:33  Pylon  
  52  4:36  Probe  
  52  4:37  Pylon  
  54  4:47  Pylon  
  54  4:48  Probe  
  54  4:50  Probe, Assimilator  
  54  4:52  Stalker  
  58  4:55  Stalker  
  60  5:00  Stalker  
  60  5:04  Probe  
  63  5:15  Stalker  
  63  5:19  Stalker  
  67  5:25  Nexus  
  67  5:29  Forge  
  67  5:35  Pylon  
  67  5:36  Stalker  
  67  5:40  Protoss Ground Weapons Level 1  
  67  5:41  Stalker  
  71  5:43  Stalker  
  71  5:46  Probe x2  
  75  6:01  Probe x2  
  77  6:08  Robotics Facility  
  77  6:10  Stalker x2  
  81  6:14  Probe  
  81  6:15  Probe, Pylon  
  81  6:18  Stalker  
  85  6:23  Gateway  
  85  6:30  Charge  
  85  6:31  Gateway  
  85  6:37  Gateway  
  85  6:38  Gateway  
  85  6:39  Probe x2  
  85  6:43  Probe  
  85  6:44  Gateway  
  88  6:47  Probe x2  
  88  6:51  Probe  
  90  6:55  Probe x2  
  90  6:59  Stalker  
  90  7:00  Zealot  
  97  7:02  Probe  
  97  7:03  Zealot  
  97  7:08  Probe x2  
  100  7:18  Zealot  
  102  7:30  Stalker x3, Nexus  
  102  7:31  Pylon  
  102  7:33  Sentry  
  102  7:36  Protoss Ground Weapons Level 2, Zealot x2  
  114  7:43  Pylon  
  114  7:44  Pylon  
  114  7:47  Pylon  
  114  7:49  Zealot x2  
  118  7:54  Probe x2  
  118  7:57  Pylon  
  120  7:59  Zealot x2  
  120  8:03  Pylon  
  120  8:04  Pylon  
  124  8:07  Adept  
  124  8:08  Adept  
  128  8:17  Zealot x4  
  128  8:18  Probe  
  128  8:19  Probe x2  
  139  8:24  Pylon  
  139  8:26  Pylon  
  139  8:28  Zealot x3  
  139  8:33  Probe x3  
  148  8:37  Zealot x2  
  148  8:39  Zealot  
  154  8:45  Zealot x2  
  154  8:47  Probe x2  
  160  9:01  Dark Shrine  
  160  9:03  Nexus  
  160  9:04  Robotics Facility  
  160  9:05  Pylon  
  160  9:07  Robotics Bay  
  160  9:08  Probe x3  
  163  9:16  Probe, Assimilator x2  
  164  9:20  Probe x2  
  164  9:24  Probe  
  167  9:28  Probe  
  168  9:32  Gateway  
  168  9:35  Gateway  
  168  9:49  Zealot x8  
  168  9:52  Disruptor x2  
  184  10:05  Shadow Stride  
  192  10:14  Stalker x5  
  192  10:18  Probe  
  192  10:19  Probe  
  192  10:20  Assimilator  
  200  10:22  Assimilator  
  200  10:24  Assimilator  
  200  10:25  Assimilator x2  
  200  10:48  Gateway  
  200  10:51  Gateway  
  200  10:54  Photon Cannon  
  200  10:55  Photon Cannon  
  200  10:56  Gateway  
  198  10:57  Photon Cannon  
  198  10:58  Photon Cannon  
  198  11:00  Gateway  
  198  11:01  Gateway  
  198  11:04  Gateway  
  198  11:06  Gateway  
  198  11:29  Pylon  
Show
View Real Time Build Order
Export as new Build Order

IA (Muy fácil) 1 Protoss 

Build Orders:  

Get SALT Encoding   

  6  0:00  Probe  
  13  0:13  Probe  
  14  0:19  Pylon  
  14  0:36  Assimilator  
  14  0:42  Gateway  
  14  0:45  Pylon  
  14  1:13  Assimilator  
  14  1:16  Probe  
  14  1:24  Probe  
  15  1:32  Probe  
  16  1:34  Cybernetics Core  
  17  1:43  Probe  
  18  1:55  Probe  
  18  2:00  Warp Gate  
  19  2:03  Probe  
  19  2:07  Stalker  
  22  4:19  Probe  
  20  4:27  Probe  
  17  4:37  Probe  
  18  4:49  Probe  
  19  5:01  Probe  
  20  5:11  Probe  
  21  5:19  Probe  
  22  5:42  Zealot  
  24  5:43  Probe  
  24  5:44  Pylon  
  24  5:45  Robotics Facility  
  23  5:55  Probe  
  16  6:07  Probe  
  17  6:16  Probe  
  17  6:24  Probe  
  19  6:33  Observer, Probe  
  19  6:39  Zealot  
  23  6:45  Probe  
  24  6:51  Observer  
  25  6:58  Probe  
  24  7:10  Probe  
  24  7:19  Probe  
  25  7:27  Probe  
  25  7:35  Stalker  
  25  7:36  Probe  
  29  7:48  Probe  
  30  8:00  Probe  
  31  8:12  Probe, Nexus  
  32  8:17  Pylon  
  32  8:22  Probe  
  33  9:23  Probe  
  33  9:30  Probe  
  34  9:35  Probe  
  35  9:39  Assimilator  
  35  9:43  Probe  
  21  9:53  Assimilator  
  21  9:54  Probe  
  17  10:02  Probe  
  15  10:09  Probe  
  12  10:16  Probe  
  12  10:21  Probe  
  12  10:28  Probe  
  13  10:34  Probe  
  14  10:41  Probe  
  15  10:46  Stalker  
  12  10:52  Probe  
  7  11:07  Pylon  
  3  11:14  Zealot  
Tags
 
Composition
Blink Stalkers
League
Master
Matchup
PvP
Spawn Locations
Cross Positions
Add a new tag
Caveats
  • Supply blocks, unpowered buildings, or Contaminate may cause inaccurate times.
  • Supply counts are checked every 10 seconds.